| TOP OF THE 1ST |
|
Toronto Blue Jays batting - Pitching for Detroit Tigers : RHP Matt Wiseman
|
|
Pitching: RHP Matt Wiseman
|
|
|
Batting: SHB Harold Reynolds
|
0-0: Ball 1-0: Swinging Strike 1-1: Ground out 4-3 (Groundball, 13, EV 90.6 MPH)
|
|
Batting: LHB Sheldon Mallory
|
0-0: Ground out 3-1 (Groundball, 34S, EV 93.8 MPH)
|
|
Batting: LHB Chad Daley
|
0-0: Ball 1-0: Foul Ball, location: 2F 1-1: Called Strike 1-2: Foul Ball, location: 2F 1-2: Ball 2-2: Foul Ball, location: 2F 2-2: Ball 3-2: Foul Ball, location: 2F 3-2: Ground out 5-3 (Groundball, 56, EV 101.9 MPH)
|
| Top of the 1st over - 0 runs, 0 hits, 0 errors, 0 left on base; Toronto 0 - Detroit 0 |
| BOTTOM OF THE 1ST |
|
Detroit Tigers batting - Pitching for Toronto Blue Jays : LHP Thomas Boyd
|
|
Pitching: LHP Thomas Boyd
|
|
|
Batting: RHB Tack Wilson
|
0-0: Ball 1-0: Ground out 4-3 (Groundball, 4, EV 87.5 MPH)
|
|
Batting: RHB Jose Hidalgo
|
0-0: Foul Ball, location: 2F 0-1: Ball 1-1: Fly out, F4 (Popup, 4M, EV 57.5 MPH)
|
|
Batting: SHB Tony Phillips
|
0-0: Ball 1-0: Ball 2-0: Swinging Strike 2-1: Ball 3-1: Called Strike 3-2: Base on Balls
|
|
Batting: RHB Dave Kingman
|
0-0: Called Strike 0-1: Foul Ball, location: 2F 0-2: Fly out, F3 (Popup, 3SF, EV 70.6 MPH)
|
| Bottom of the 1st over - 0 runs, 0 hits, 0 errors, 1 left on base; Toronto 0 - Detroit 0 |
| TOP OF THE 2ND |
|
Toronto Blue Jays batting - Pitching for Detroit Tigers : RHP Matt Wiseman
|
|
Batting: LHB Eddie Milner
|
0-0: Foul Ball, location: 2F 0-1: Ball 1-1: Called Strike 1-2: Ball 2-2: Foul Ball, location: 2F 2-2: Ball 3-2: Foul Ball, location: 2F 3-2: Foul Ball, location: 2F 3-2: Foul Ball, location: 2F 3-2: Hit by Pitch
|
|
Batting: RHB Jose Gonzalez
|
0-0: Ball 1-0: DOUBLE (Flyball, 89XD, EV 89.4 MPH) Eddie Milner to third
|
|
Batting: LHB Steve Stroughter
|
0-0: Ball 1-0: Ball 2-0: Ball 3-0: Called Strike 3-1: Base on Balls
|
|
Batting: RHB Cal Ripken
|
0-0: Swinging Strike 0-1: Ball 1-1: Swinging Strike 1-2: Grounds into double play, 5-4-3 (Groundball, 56, EV 91.3 MPH) Eddie Milner scores Jose Gonzalez to third
|
|
Batting: LHB Brad Gulden
|
0-0: Ground out 5-3 (Groundball, 56S, EV 91.9 MPH)
|
| Top of the 2nd over - 1 run, 1 hit, 0 errors, 1 left on base; Toronto 1 - Detroit 0 |
| BOTTOM OF THE 2ND |
|
Detroit Tigers batting - Pitching for Toronto Blue Jays : LHP Thomas Boyd
|
|
Batting: RHB Larry Parrish
|
0-0: Ball 1-0: Swinging Strike 1-1: Called Strike 1-2: Fly out, F6 (Popup, 15, EV 76.9 MPH)
|
|
Batting: RHB Andre Thornton
|
0-0: Called Strike 0-1: Ball 1-1: Ground out 6-3 (Groundball, 56, EV 97.5 MPH)
|
|
Batting: SHB Lee Mazzilli
|
0-0: Called Strike 0-1: Ball 1-1: Foul Ball, location: 2F 1-2: Fly out, F8 (Flyball, 8RM, EV 86.3 MPH)
|
| Bottom of the 2nd over - 0 runs, 0 hits, 0 errors, 0 left on base; Toronto 1 - Detroit 0 |
| TOP OF THE 3RD |
|
Toronto Blue Jays batting - Pitching for Detroit Tigers : RHP Matt Wiseman
|
|
Batting: RHB Jose Carrillo
|
0-0: Called Strike 0-1: Called Strike 0-2: Fly out, F9 (Flyball, 89S, EV 91.9 MPH)
|
|
Batting: SHB Harold Reynolds
|
0-0: SINGLE (Groundball, 25, EV 73.1 MPH) (infield hit)
|
|
Batting: LHB Sheldon Mallory
|
0-0: Ball 1-0: Foul Ball, location: 2F 1-1: Ball Harold Reynolds steals 2nd base (no throw) 2-1: Foul Ball, location: 2F 2-2: SINGLE (Line Drive, 89S, EV 95.0 MPH) Harold Reynolds to third Runner from 3rd tries for Home, SAFE, throw by RF to home
|
|
Batting: LHB Chad Daley
|
0-0: Ball 1-0: Called Strike 1-1: Fly out, F9 (Flyball, 9LM, EV 81.3 MPH) Runner from 1st tags up, SAFE at 2nd
|
|
Batting: LHB Eddie Milner
|
0-0: Swinging Strike 0-1: Ground out 5-3 (Groundball, 56, EV 108.8 MPH)
|
| Top of the 3rd over - 1 run, 2 hits, 0 errors, 1 left on base; Toronto 2 - Detroit 0 |
| BOTTOM OF THE 3RD |
|
Detroit Tigers batting - Pitching for Toronto Blue Jays : LHP Thomas Boyd
|
|
Batting: RHB Al Cowens
|
0-0: Called Strike 0-1: Fly out, F9 (Flyball, 9LD, EV 89.4 MPH)
|
|
Batting: RHB Keith Moreland
|
0-0: Foul Ball, location: 2F 0-1: Fly out, F2 (Popup, 3SF, EV 81.9 MPH)
|
|
Batting: RHB Tack Wilson
|
0-0: Ball 1-0: Ball 2-0: Ball 3-0: Base on Balls
|
|
Batting: RHB Jose Hidalgo
|
0-0: Called Strike 0-1: Ball 1-1: Swinging Strike 1-2: Ball 2-2: Foul Ball, location: 2F 2-2: Foul Ball, location: 2F 2-2: Foul Ball, location: 2F 2-2: Ball Tack Wilson steals 2nd base 3-2: Foul Ball, location: 2F 3-2: Ground out 4-3 (Groundball, 4, EV 85.0 MPH)
|
| Bottom of the 3rd over - 0 runs, 0 hits, 0 errors, 1 left on base; Toronto 2 - Detroit 0 |
| TOP OF THE 4TH |
|
Toronto Blue Jays batting - Pitching for Detroit Tigers : RHP Matt Wiseman
|
|
Batting: RHB Jose Gonzalez
|
0-0: SINGLE (Line Drive, 34D, EV 95.6 MPH)
|
|
Batting: LHB Steve Stroughter
|
0-0: Fly out, F8 (Line Drive, 8LM, EV 90.6 MPH)
|
|
Batting: RHB Cal Ripken
|
0-0: Ball Jose Gonzalez steals 2nd base (no throw) 1-0: Called Strike 1-1: Ball 2-1: Ball 3-1: Fly out, F9 (Flyball, 9S, EV 87.5 MPH)
|
|
Batting: LHB Brad Gulden
|
0-0: Intentional Walk
|
|
Batting: RHB Jose Carrillo
|
0-0: Ball 1-0: Foul Ball, location: 2F 1-1: Swinging Strike 1-2: Ground out 5-3 (Groundball, 56, EV 104.4 MPH)
|
| Top of the 4th over - 0 runs, 1 hit, 0 errors, 2 left on base; Toronto 2 - Detroit 0 |
| BOTTOM OF THE 4TH |
|
Detroit Tigers batting - Pitching for Toronto Blue Jays : LHP Thomas Boyd
|
|
Batting: SHB Tony Phillips
|
0-0: Ball 1-0: Ball 2-0: Called Strike 2-1: Foul Ball, location: 2F 2-2: Foul Ball, location: 2F 2-2: Strikes out swinging
|
|
Batting: RHB Dave Kingman
|
0-0: Ball 1-0: Fly out, F7 (Flyball, 7LM, EV 95.6 MPH)
|
|
Batting: RHB Larry Parrish
|
0-0: Called Strike 0-1: Swinging Strike 0-2: Ball 1-2: Fly out, F9 (Flyball, 9, EV 86.3 MPH)
|
| Bottom of the 4th over - 0 runs, 0 hits, 0 errors, 0 left on base; Toronto 2 - Detroit 0 |
| TOP OF THE 5TH |
|
Toronto Blue Jays batting - Pitching for Detroit Tigers : RHP Matt Wiseman
|
|
Batting: SHB Harold Reynolds
|
0-0: Ball 1-0: Fly out, F4 (Popup, 4D, EV 53.8 MPH)
|
|
Batting: LHB Sheldon Mallory
|
0-0: Ball 1-0: Called Strike 1-1: Ball 2-1: SINGLE (Groundball, 5L, EV 90.0 MPH) (infield hit)
|
|
Batting: LHB Chad Daley
|
0-0: Called Strike 0-1: Ball 1-1: Ball Passed Ball! Sheldon Mallory to second 2-1: Intentional Walk
|
|
Batting: LHB Eddie Milner
|
0-0: Foul Ball, location: 2F 0-1: Ball 1-1: Foul Ball, location: 2F 1-2: Strikes out swinging
|
|
Batting: RHB Jose Gonzalez
|
0-0: Called Strike 0-1: DOUBLE (Flyball, 8RXD, EV 92.5 MPH) Sheldon Mallory scores Chad Daley to third Runner from 3rd tries for Home, SAFE, throw by CF to trailing runner, SAFE at third!
|
|
Batting: LHB Steve Stroughter
|
0-0: Ball 1-0: SINGLE (Line Drive, 89S, EV 92.5 MPH) Jose Gonzalez scores
|
|
Batting: RHB Cal Ripken
|
0-0: Ball 1-0: Foul Ball, location: 2F 1-1: Fly out, F7 (Flyball, 7, EV 86.3 MPH)
|
| Top of the 5th over - 3 runs, 3 hits, 0 errors, 1 left on base; Toronto 5 - Detroit 0 |
| BOTTOM OF THE 5TH |
|
Detroit Tigers batting - Pitching for Toronto Blue Jays : LHP Thomas Boyd
|
|
Batting: RHB Andre Thornton
|
0-0: Called Strike 0-1: Called Strike 0-2: Ball 1-2: Strikes out looking
|
|
Batting: SHB Lee Mazzilli
|
0-0: Called Strike 0-1: Ball 1-1: Called Strike 1-2: Strikes out swinging
|
|
Batting: RHB Al Cowens
|
0-0: Ball 1-0: Ball 2-0: Ball 3-0: Base on Balls
|
|
Batting: RHB Keith Moreland
|
0-0: Called Strike 0-1: Called Strike Al Cowens steals 2nd base 0-2: Ball 1-2: Strikes out swinging
|
| Bottom of the 5th over - 0 runs, 0 hits, 0 errors, 1 left on base; Toronto 5 - Detroit 0 |
| TOP OF THE 6TH |
|
Toronto Blue Jays batting - Pitching for Detroit Tigers : RHP Matt Wiseman
|
|
Batting: LHB Brad Gulden
|
0-0: Foul Ball, location: 2F 0-1: Ball 1-1: Ball 2-1: Ball 3-1: Base on Balls
|
|
Batting: RHB Jose Carrillo
|
0-0: Called Strike 0-1: Foul Ball, location: 2F 0-2: Ball 1-2: Foul Ball, location: 2F 1-2: Ball 2-2: 2-RUN HOME RUN (Flyball, 78XD, EV 108.1 MPH), Distance : 421 ft
|
|
Pitching: RHP Bob Stanley
|
|
|
Batting: SHB Harold Reynolds
|
0-0: Called Strike 0-1: Ball 1-1: Foul Ball, location: 2F 1-2: Ball 2-2: Ball 3-2: Fly out, F9 (Flyball, 9LS, EV 92.5 MPH)
|
|
Batting: LHB Sheldon Mallory
|
0-0: Called Strike 0-1: Called Strike 0-2: Ball 1-2: Foul Ball, location: 2F 1-2: Ball 2-2: SINGLE (Groundball, 34S, EV 85.6 MPH) (infield hit)
|
|
Batting: LHB Chad Daley
|
0-0: Ball 1-0: Ball 2-0: Fly out, F4 (Popup, 34, EV 71.3 MPH)
|
|
Batting: LHB Eddie Milner
|
0-0: Called Strike 0-1: Fly out, F4 (Flyball, 3D, EV 91.3 MPH)
|
| Top of the 6th over - 2 runs, 2 hits, 0 errors, 1 left on base; Toronto 7 - Detroit 0 |
| BOTTOM OF THE 6TH |
|
Detroit Tigers batting - Pitching for Toronto Blue Jays : LHP Thomas Boyd
|
|
Batting: RHB Tack Wilson
|
0-0: Ball 1-0: Ground out 6-3 (Groundball, 6, EV 106.3 MPH)
|
|
Batting: RHB Jose Hidalgo
|
0-0: Fly out, F6 (Popup, 6MS, EV 68.1 MPH)
|
|
Batting: SHB Tony Phillips
|
0-0: SINGLE (Flyball, 34D, EV 86.9 MPH)
|
|
Batting: RHB Dave Kingman
|
0-0: Ball 1-0: Ball 2-0: DOUBLE (Flyball, 8LXD, EV 101.9 MPH) Tony Phillips to third Runner from 3rd tries for Home, SAFE, throw by CF to home
|
|
Batting: RHB Larry Parrish
|
0-0: Ball 1-0: SINGLE (Flyball, 9LS, EV 90.0 MPH) Dave Kingman to third Runner from 3rd tries for Home, SAFE, throw by RF to home
|
|
Batting: RHB Andre Thornton
|
0-0: Ball 1-0: TRIPLE (Flyball, 78XD, EV 89.4 MPH) Larry Parrish scores
|
|
Batting: SHB Lee Mazzilli
|
0-0: Swinging Strike 0-1: Ball 1-1: Called Strike 1-2: Ball 2-2: Foul Ball, location: 2F 2-2: Foul Ball, location: 2F 2-2: Foul Ball, location: 2F 2-2: Ball 3-2: Base on Balls
|
|
Batting: RHB Al Cowens
|
0-0: Ball 1-0: Single, Error in OF, E7, batter to second base (Groundball, 56D, EV 105.0 MPH) Andre Thornton scores Lee Mazzilli to third
|
|
Batting: RHB Keith Moreland
|
0-0: Called Strike 0-1: Foul Ball, location: 2F 0-2: Ball 1-2: Strikes out swinging
|
| Bottom of the 6th over - 4 runs, 5 hits, 1 error, 2 left on base; Toronto 7 - Detroit 4 |
| TOP OF THE 7TH |
|
Toronto Blue Jays batting - Pitching for Detroit Tigers : RHP Bob Stanley
|
|
Batting: RHB Jose Gonzalez
|
0-0: Called Strike 0-1: Ground out U3 (Groundball, 34S, EV 81.9 MPH)
|
|
Batting: LHB Steve Stroughter
|
0-0: Ball 1-0: Swinging Strike 1-1: Swinging Strike 1-2: Strikes out swinging
|
|
Batting: RHB Cal Ripken
|
0-0: Ball 1-0: Called Strike 1-1: Swinging Strike 1-2: Ground out U3 (Groundball, 3, EV 81.3 MPH)
|
| Top of the 7th over - 0 runs, 0 hits, 0 errors, 0 left on base; Toronto 7 - Detroit 4 |
| BOTTOM OF THE 7TH |
|
Detroit Tigers batting - Pitching for Toronto Blue Jays : LHP Thomas Boyd
|
|
Batting: RHB Tack Wilson
|
0-0: Foul Ball, location: 2F 0-1: Ball 1-1: Ball 2-1: Ground out 6-3 (Groundball, 56D, EV 102.5 MPH)
|
|
Batting: RHB Jose Hidalgo
|
0-0: Ground out 4-3 (Groundball, 4, EV 88.8 MPH)
|
|
Batting: SHB Tony Phillips
|
0-0: Called Strike 0-1: Foul Ball, location: 2F 0-2: Fly out, F8 (Flyball, 8RM, EV 89.4 MPH)
|
| Bottom of the 7th over - 0 runs, 0 hits, 0 errors, 0 left on base; Toronto 7 - Detroit 4 |
| TOP OF THE 8TH |
|
Toronto Blue Jays batting - Pitching for Detroit Tigers : RHP Bob Stanley
|
|
Batting: LHB Brad Gulden
|
0-0: Foul Ball, location: 2F 0-1: Ball 1-1: Ball 2-1: Ball 3-1: Ground out 4-3 (Groundball, 4M, EV 85.0 MPH)
|
|
Batting: RHB Jose Carrillo
|
0-0: Foul Ball, location: 2F 0-1: Ball 1-1: Ball 2-1: Swinging Strike 2-2: Strikes out swinging
|
|
Batting: SHB Harold Reynolds
|
0-0: Ball 1-0: DOUBLE (Flyball, 78D, EV 95.6 MPH)
|
|
Batting: LHB Sheldon Mallory
|
0-0: SINGLE (Line Drive, 6D, EV 96.9 MPH) Harold Reynolds to third Runner from 3rd tries for Home, SAFE, throw by CF to home
|
|
Batting: LHB Chad Daley
|
0-0: Swinging Strike 0-1: Swinging Strike 0-2: Ball 1-2: Ball 2-2: Ball 3-2: Base on Balls Sheldon Mallory to second
|
|
Pitching: LHP Dave McNally
|
|
|
Batting: LHB Eddie Milner
|
0-0: Called Strike 0-1: Ball 1-1: Ball 2-1: Swinging Strike 2-2: Ball 3-2: Base on Balls Sheldon Mallory to third Chad Daley to second
|
|
Pitching: RHP David Steuber
|
|
|
Batting: RHB Jose Gonzalez
|
0-0: Ball 1-0: Ball 2-0: Ball 3-0: Called Strike 3-1: Foul Ball, location: 2F 3-2: Fly out, F9 (Flyball, 89XD, EV 88.8 MPH)
|
| Top of the 8th over - 1 run, 2 hits, 0 errors, 3 left on base; Toronto 8 - Detroit 4 |
| BOTTOM OF THE 8TH |
|
Detroit Tigers batting - Pitching for Toronto Blue Jays : LHP Thomas Boyd
|
|
Batting: RHB Dave Kingman
|
0-0: Foul Ball, location: 2F 0-1: Ball 1-1: SINGLE (Groundball, 6M, EV 86.3 MPH) (infield hit)
|
|
Batting: RHB Larry Parrish
|
0-0: Ball 1-0: Foul Ball, location: 2F 1-1: Fly out, F7 (Flyball, 7D, EV 93.8 MPH)
|
|
Batting: RHB Andre Thornton
|
0-0: Ball 1-0: Swinging Strike 1-1: Ball 2-1: Ball 3-1: Base on Balls Dave Kingman to second
|
|
Batting: SHB Lee Mazzilli
|
0-0: Called Strike 0-1: Ball 1-1: Ball 2-1: Ball Passed Ball! Dave Kingman to third Andre Thornton to second 3-1: Foul Ball, location: 2F 3-2: Base on Balls
|
|
Batting: RHB Al Cowens
|
0-0: Foul Ball, location: 2F 0-1: Ball 1-1: Ball 2-1: Called Strike 2-2: Fly out, F4 (Popup, 34S, EV 70.0 MPH)
|
|
Batting: RHB Keith Moreland
|
0-0: Ball 1-0: Foul Ball, location: 2F 1-1: Fly out, F9 (Flyball, 9LS, EV 85.6 MPH)
|
| Bottom of the 8th over - 0 runs, 1 hit, 0 errors, 3 left on base; Toronto 8 - Detroit 4 |
| TOP OF THE 9TH |
|
Toronto Blue Jays batting - Pitching for Detroit Tigers : RHP David Steuber
|
|
Batting: LHB Steve Stroughter
|
0-0: Swinging Strike 0-1: Foul Ball, location: 2F 0-2: Ball 1-2: Foul Ball, location: 2F 1-2: Fly out, F8 (Flyball, 8LD, EV 99.4 MPH)
|
|
Batting: RHB Cal Ripken
|
0-0: Swinging Strike 0-1: Ball 1-1: Fly out, F8 (Line Drive, 8RD, EV 96.3 MPH)
|
|
Batting: LHB Brad Gulden
|
0-0: Ball 1-0: Ball 2-0: Fly out, F7 (Line Drive, 7, EV 91.3 MPH)
|
| Top of the 9th over - 0 runs, 0 hits, 0 errors, 0 left on base; Toronto 8 - Detroit 4 |
| BOTTOM OF THE 9TH |
|
Detroit Tigers batting - Pitching for Toronto Blue Jays : LHP Thomas Boyd
|
|
Batting: RHB Tack Wilson
|
0-0: Ball 1-0: Called Strike 1-1: Ground out 6-3 (Groundball, 6S, EV 68.8 MPH)
|
|
Batting: RHB Jose Hidalgo
|
0-0: Ball 1-0: Swinging Strike 1-1: Ball 2-1: Foul Ball, location: 2F 2-2: Ground out 6-3 (Groundball, 6, EV 80.0 MPH)
|
|
Batting: SHB Tony Phillips
|
0-0: SINGLE (Line Drive, 8RS, EV 90.0 MPH)
|
|
Pitching: RHP Edward Hose
|
|
|
Batting: RHB Dave Kingman
|
0-0: Called Strike 0-1: Swinging Strike 0-2: Ball 1-2: DOUBLE (Groundball, 5L, EV 103.8 MPH) Tony Phillips to third
|
|
Batting: RHB Larry Parrish
|
0-0: Ball 1-0: Swinging Strike 1-1: Ball 2-1: DOUBLE (Groundball, 5L, EV 93.8 MPH) Tony Phillips scores Dave Kingman scores
|
|
Batting: RHB Andre Thornton
|
0-0: Ball 1-0: Ball 2-0: SINGLE (Line Drive, 5D, EV 104.4 MPH) Larry Parrish to third
|
|
Batting: SHB Lee Mazzilli
|
0-0: Foul Ball, location: 2F 0-1: Ball 1-1: Called Strike 1-2: Ball 2-2: Ball 3-2: Base on Balls Andre Thornton to second
|
|
Pinch Hitting: LHB Jerry Tabb
|
0-0: GRAND SLAM HOME RUN (Flyball, 7D, EV 101.3 MPH), Distance : 395 ft
|
| Bottom of the 9th over - 6 runs, 5 hits, 0 errors, 0 left on base; Toronto 8 - Detroit 10 |
|